 Dungeon Crawl Stone Soup version 0.22.0 (webtiles) character file.

41 Faust the Vexing (level 3, -8/14 HPs)
             Began as a Felid Enchanter on Oct 3, 2018.
             Mangled by Natasha (10 damage)
             ... on level 2 of the Dungeon.
             The game lasted 00:24:01 (2001 turns).

Faust the Vexing (Felid Enchanter)                  Turns: 2001, Time: 00:24:02

Health: -8/14      AC:  1    Str:  6    XL:     3   Next: 32%
Magic:  1/7        EV: 18    Int: 17    God:
Gold:   58         SH:  0    Dex: 16    Spells: 0/6 levels left
                                        Lives:  0   Deaths: 1

rFire    . . .     SeeInvis +     - Unarmed
rCold    . . .     Gourm    .   (shield unavailable)
rNeg     . . .     Faith    .   (armour unavailable)
rPois    .         Spirit   .   (helmet unavailable)
rElec    .         Reflect  .   (cloak unavailable)
rCorr    .         Harm     .   (gloves unavailable)
MR       .....                  (boots unavailable)
Stlth    +++.......             a - amulet of regeneration
HPRegen  0.44/turn              e - +2 ring of strength
MPRegen  0.10/turn              (no ring)

@: quick
A: very small, no armour, no weapons or thrown items, stealth, claws 1, fangs 3,
see invisible, carnivore, speed 1, shaggy fur 1, slow metabolism 1, sharp paws
a: no special abilities


You were on level 2 of the Dungeon.
You were very full.

You visited 1 branch of the dungeon, and saw 2 of its levels.

You collected 58 gold pieces.

Inventory:

Jewellery
 a - an amulet of regeneration (around neck)
 e - a +2 ring of strength (left paw)
Potions
 c - a potion of magic {unknown}
 d - a potion of lignification {unknown}
 f - a potion of degeneration {unknown}
 g - a potion of curing {unknown}
 i - a potion of haste {unknown}
 j - a potion of agility
Comestibles
 b - 2 rations


   Skills:
 + Level 0.2 Fighting
 + Level 3.3 Dodging
 + Level 4.9 Stealth
 + Level 1.5 Unarmed Combat
 + Level 2.3 Spellcasting
 + Level 5.6 Hexes
 - Level 0.3 Ice Magic


You couldn't memorise any spells.
You knew the following spells:

 Your Spells              Type           Power        Failure   Level  Hunger
a - Corona                Hex            ###....      1%          1    #......
b - Ensorcelled Hibernat  Hex/Ice        ##....       9%          2    ###....
c - Dazzling Spray        Conj/Hex       ##....       19%         3    ###....

Your spell library contained the following spells:

 Spells                   Type           Power        Failure   Level  Hunger
 Confuse                  Hex            ###.....     5%          3    ###....
 Tukima's Dance           Hex            ###.....     5%          3    ###....


Dungeon Overview and Level Annotations

Branches:
Dungeon (2/15)

Altars:

Annotations:
D:2 Natasha


Innate Abilities, Weirdness & Mutations

You cannot wear armour.
You are incapable of wielding weapons or throwing items.
Your paws allow you to move quietly. (Stealth)
You have sharp claws.
You have razor-sharp teeth.
You have supernaturally acute eyesight. (SInv)
You are carnivorous and can eat meat at any time.
You cover ground quickly.
You are covered in fur. (AC +1)
You have a slow metabolism.
Your sharp claws are effective at attacking unaware monsters.


Message History

Natasha hisses.
Casting: Ensorcelled Hibernation (safe; 9% risk of failure)
Confirm with . or Enter, or press ? or * to list all spells.
Aiming: Corona (safe; 1% risk of failure)
Press: ? - help, Shift-Dir - straight line, f/p - Natasha
Aim: Natasha (chance to defeat MR: 60%) Natasha is outlined in light.
Natasha casts a spell.
Natasha casts a spell at you. The magic dart hits you!
Ouch! That really hurt!
* * * LOW HITPOINT WARNING * * *
You scratch Natasha.
Natasha is lightly wounded.
Natasha closely misses you.
You scratch Natasha.
Natasha is moderately wounded.
Natasha claws you!
Ouch! That really hurt!
You die...

#
#.........#.#...#.###.##.#.#..#
#
#########...#............#.#..#
# ####)######.#.##.####.#..# #
#..............#.# #.#..# #
#.....h####..#.#.# #.#### #
#......# #..#...# #.# * #####
#......# #..##..# #.#### #...#
#....รท.####.....># ##.#...
#...# #......5h@..######
#...##. #...# #......######
#...#*, #...# #......#
#######...#*, #...# #......#
#.........#*, #...# ####'###
#.#########*, #...#######.#
#.*,,,,,,,,,, '...'.......#
#.*,********, #...#########
#.*,,,,,,,,,, #...#
#<*********,*


You could see Natasha and a crimson imp.

Vanquished Creatures
  Natasha (D:2)
  An ooze (D:2)
  A worm (D:2)
  3 dart slugs (D:1)
  3 leopard geckos (D:1)
  A ball python (D:1)
  2 giant cockroaches
  4 goblins
  6 hobgoblins
  2 jackals (D:1)
  4 bats
  3 frilled lizards
  5 kobolds
  6 rats
42 creatures vanquished.

Notes
Turn   | Place    | Note
-------+----------+-------------------------------------------
     0 | D:1      | Faust the Felid Enchanter began the quest for the Orb.
     0 | D:1      | Reached XP level 1. HP: 7/7 MP: 4/4
    75 | D:1      | Reached XP level 2. HP: 11/11 MP: 6/6
    79 | D:1      | Learned a level 2 spell: Ensorcelled Hibernation
   670 | D:1      | Reached XP level 3. HP: 14/14 MP: 4/7
   676 | D:1      | Learned a level 3 spell: Dazzling Spray
   805 | D:1      | Reached skill level 5 in Hexes
  1373 | D:2      | Noticed Natasha
  1418 | D:2      | Killed Natasha
  1418 | D:2      | Reached XP level 4. HP: 18/18 MP: 5/8
  1571 | D:2      | Noticed Natasha
  1607 | D:2      | Killed from afar by Natasha
  1608 | D:2      | Reached XP level 3. HP: 0/14 MP: 2/7
  2001 | D:2      | Mangled by Natasha

Skill      XL: |  1  2  3 |
---------------+----------+-----
Dodging        | 3 |  3.3
Hexes          | 5 |  5.6
Fighting       | |  0.2
Stealth        | |  4.9
Unarmed Combat | |  1.5
Spellcasting   | |  2.3
Ice Magic      | |  0.3

Action                   |  1- 3 |  4- 6 || total
-------------------------+-------+-------++-------
Melee: Unarmed           |    81 |    15 ||    96
       Bite              |     2 |       ||     2
 Cast: Corona            |     7 |     3 ||    10
       Ensorcelled Hiber |    33 |     6 ||    39
  Use: Scroll            |     4 |       ||     4
       Potion            |     1 |       ||     1
 Stab: Sleeping          |    25 |     3 ||    28
  Eat: Chunk             |    14 |       ||    14
Armor: Skin              |     3 |       ||     3
Dodge: Dodged            |   103 |     5 ||   108
